 Dungeon Crawl Stone Soup version 0.30-a0-49-g1cef19eb02 (webtiles) character file.

Game seed: 1955868933887321074

114 LnG the Chopper (level 4, -1/40 HPs)
             Began as a Hill Orc Fighter on Sept 2, 2022.
             Slain by Sigmund
             ... wielding a +0 scythe
              (8 damage)
             ... on level 3 of the Dungeon.
             The game lasted 00:04:36 (2689 turns).

LnG the Chopper (Hill Orc Fighter)                  Turns: 2689, Time: 00:04:37

Health: -1/40      AC:  8    Str: 20    XL:     4   Next: 98%
Magic:  4/4        EV:  9    Int:  8    God:
Gold:   149        SH:  4    Dex: 10    Spells: 3/3 levels left

rFire   . . .      SeeInvis .    a - +0 war axe
rCold   . . .      Faith    .    c - +0 buckler
rNeg    . . .      Spirit   .    b - +0 scale mail
rPois   .          Reflect  .    g - +0 helmet
rElec   .          Harm     .    (no cloak)
rCorr   .          Rampage  .    (no gloves)
Will    .....                    (no boots)
Stlth   ..........               (no amulet)
HPRegen 0.13/turn                (no ring)
MPRegen 0.09/turn                (no ring)

@: mighty
A: no striking features
a: no special abilities


You were on level 3 of the Dungeon.
You visited 1 branch of the dungeon, and saw 3 of its levels.

You collected 149 gold pieces.

Inventory:

Hand Weapons
 a - a +0 war axe (weapon)
Armour
 b - a +0 scale mail (worn)
 c - a +0 buckler (worn)
 g - a +0 helmet (worn)
Scrolls
 h - a scroll of vulnerability {unknown}
 k - a scroll of identify
 l - a scroll of magic mapping {unknown}
 m - 2 scrolls of enchant weapon {unknown}
 q - a scroll of blinking {unknown}
Potions
 e - a potion of attraction {unknown}
 f - a potion of invisibility
 i - a potion of curing {unknown}
 j - 2 potions of magic {unknown}
 n - a potion of heal wounds {unknown}
 o - a potion of brilliance {unknown}
 p - a potion of haste {unknown}


   Skills:
 + Level 4.2 Fighting
 + Level 4.4 Axes
 + Level 4.0 Armour
 + Level 0.5 Dodging
 + Level 3.9 Shields


You had 3 spell levels left.
You didn't know any spells.
Your spell library contained the following spells:

 Spells                   Type           Power      Damage    Failure   Level
 Beastly Appendage        Tmut           0%         N/A       85%         1
 Freeze                   Ice            0%         1d3       85%         1
 Wereblood                Tmut           0%         N/A       94%         2
 Frozen Ramparts          Ice            0%         1d1       99%         3
 Spider Form              Tmut/Pois      0%         N/A       99%         3
 Hailstorm                Conj/Ice       0%         3d3       100%        4


Dungeon Overview and Level Annotations

Branches:
Dungeon (3/15)

Altars:
Dithmenos

Shops:
D:1 (

Annotations:
D:3 Sigmund


Message History

Sigmund hits you with a +0 scythe.
Things that are here:
a +0 whip; 5 stones; a kobold corpse You hit Sigmund.
Sigmund is moderately wounded.
Sigmund hits you with a +0 scythe.
You closely miss Sigmund.
Sigmund is moderately wounded.
Sigmund barely misses you.
You barely miss Sigmund.
Sigmund is moderately wounded.
Sigmund hits you but does no damage.
You barely miss Sigmund.
Sigmund is moderately wounded.
You closely miss Sigmund.
Sigmund is moderately wounded.
Sigmund mumbles some strange words.
Sigmund flickers and vanishes!
Deactivating autopickup; reactivate with Ctrl-A.
Something hits you.
You closely miss something. You barely miss something.
Something hits you but does no damage.
You slash something!
You hear some strange, mumbled words.
A puff of flame appears from out of thin air!
The puff of flame hits you.
You hear some strange, mumbled words.
A magic dart appears from out of thin air!
The magic dart hits you!
You closely miss something.
You hear some strange, mumbled words.
A puff of flame appears from out of thin air!
The puff of flame hits you!
* * * LOW HITPOINT WARNING * * *
You closely miss something. Something hits you but does no damage.
You miss something. Something hits you.
* * * LOW HITPOINT WARNING * * *
You miss something. Something hits you but does no damage.
You miss something. Something hits you!
You die...

.###...#.######..#
.......#.##......#######
####...#.##......#$......
.........................
.#...##..##......#.......
.######..# .....#.......
.........#####...#.......
....####...##8..{8...:...
................@........
....######.....>.........
.........................
.#########..8.........
...........####
............#
............#
............#
..........?.#


There were no monsters in sight!

Vanquished Creatures
  3 adders
  3 worms (D:2)
  2 dart slugs
  5 orcs (D:3)
  5 bats
  5 endoplasms
  6 giant cockroaches
  6 goblins
  7 hobgoblins
  3 jackals (D:1)
  5 quokkas
  6 ball pythons
  A frilled lizard (D:1)
  5 kobolds
  A rat (D:2)
63 creatures vanquished.

Vanquished Creatures (others)
  A plant (D:2)
1 creature vanquished.

Grand Total: 64 creatures vanquished

Notes
Turn   | Place    | Note
-------+----------+-------------------------------------------
     0 | D:1      | LnG the Hill Orc Fighter began the quest for the Orb.
     0 | D:1      | Reached XP level 1. HP: 19/19 MP: 1/1
   185 | D:1      | Reached XP level 2. HP: 20/27 MP: 2/2
   292 | D:1      | Found Toclikk's Antique Weapon Shop.
   808 | D:1      | Found a faded altar of an unknown god.
   818 | D:1      | Reached XP level 3. HP: 31/33 MP: 3/3
  1635 | D:2      | Reached XP level 4. HP: 28/40 MP: 4/4
  2238 | D:3      | Found a shadowy altar of Dithmenos.
  2666 | D:3      | Noticed Sigmund
  2689 | D:3      | Slain by Sigmund

Illustrated notes

Levels and vault maps discovered:
D:1:      onia_arrival_pyramid, layout_loops_ring, basic_ecumenical_altar,
          serial_shops, nicolae_shop_competitors_out_of_business
D:2:      wander_river, layout_loops_ring, serial_forest,
          infiniplex_forest_zigzag_1, infiniplex_forest_end_1,
          infiniplex_forest_diagonal, infiniplex_forest_corner_2,
          infiniplex_forest_straight_1, infiniplex_forest_lined_3_way,
          minmay_circle_x
D:3:      layout_basic, overflow_temple_1_default, grunt_ministairs_1,
          uniq_sigmund, uniq_grinder

Skill      XL: |  1  2  3  4 |
---------------+-------------+-----
Axes           | 3 4 |  4.4
Fighting       | 4 |  4.2
Armour         | 4 |  4.0
Dodging        | |  0.5
Shields        | |  3.9

Action                   |  1- 3 |  4- 6 || total
-------------------------+-------+-------++-------
Melee: War axe           |   150 |    67 ||   217
  Use: Scroll            |     2 |       ||     2
       Potion            |       |     1 ||     1
Armor: Scale mail        |    84 |    45 ||   129
Dodge: Dodged            |    84 |    29 ||   113
Block: Buckler           |    36 |    14 ||    50

Table legend: (Time is in decaauts)
 A = Elapsed time spent in this place.
 B = Non-inter-level travel time spent in this place.
 C = Inter-level travel time spent in this place.
 D = Time resting spent in this place.
 E = Time spent auto-exploring this place.
 F = Levels seen in this place.
 G = Mean time per level.
                   A        B        C        D        E       F      G
               +--------+--------+--------+--------+--------+-----+--------+
         Total |   2786 |   2717 |     69 |    599 |   1412 |   3 |  928.7 |
       Dungeon |   2786 |   2717 |     69 |    599 |   1412 |   3 |  928.7 |
               +--------+--------+--------+--------+--------+-----+--------+

Top non-repeatable levels by time:
     D:2: 1189 daAuts
     D:1: 1125 daAuts
     D:3: 471 daAuts
